 Dungeon Crawl Stone Soup version 0.27-a0-1308-gc08437e49b (webtiles) character file.

Game seed: 15788475473818876376

301 leviel the Chopper (level 6, -11/52 HPs)
             Began as a Draconian Berserker on June 18, 2021.
             Was a Priest of Trog.
             Mangled by a mummy (17 damage)
             ... in an ossuary.
             The game lasted 00:03:08 (2958 turns).

leviel the Chopper (Draconian Berserker)            Turns: 2958, Time: 00:03:08

Health: -11/52     AC:  6    Str: 20    XL:     6   Next: 14%
Magic:  6/6        EV: 12    Int:  8    God:    Trog [***...]
Gold:   86         SH:  0    Dex: 11    Spells: 5/5 levels left

rFire    . . .     SeeInvis .   m - +2 hand axe (vorpal)
rCold    . . .     Faith    .   (no shield)
rNeg     . . .     Spirit   .   (armour unavailable)
rPois    +         Reflect  .   (helmet restricted)
rElec    .         Harm     .   (no cloak)
rCorr    .         Rampage  .   (no gloves)
Will     .....                  (no boots)
Stlth    +.........             (no amulet)
HPRegen  0.17/turn              g - ring of poison resistance
MPRegen  0.10/turn              (no ring)

@: on berserk cooldown, slowed, very slow
A: AC +6, unfitting armour, cold-blooded
a: Renounce Religion, Berserk, Trog's Hand


You were in an ossuary.
You worshipped Trog.
Trog was most pleased with you.
You visited 1 branch of the dungeon, and saw 4 of its levels.
You also visited: Ossuary.

You collected 86 gold pieces.

Inventory:

Hand Weapons
 a - a +0 hand axe of freezing
 m - a +2 vorpal hand axe (weapon)
Missiles
 b - 6 boomerangs of dispersal
 h - 5 atropa-tipped darts
Jewellery
 d - a ring of ice {rC+ rF-}
 g - a ring of poison resistance (left hand)
Scrolls
 e - 4 scrolls of identify {@r1}
 n - 3 scrolls of noise
Potions
 c - a potion of brilliance
 j - 2 potions of curing
 l - a potion of lignification


   Skills:
 - Level 3.6 Fighting
 + Level 6.6 Axes
 - Level 3.0 Dodging


You had 5 spell levels left.
You didn't know any spells.
Your spell library was empty.

Dungeon Overview and Level Annotations

Branches:
Dungeon (4/15)            Ossuary (1/1)
 Temple: D:4-7

Altars:
Wu Jian


Innate Abilities, Weirdness & Mutations

Your plain brown scales are hard. (AC +6)
You cannot fit into any form of body armour.
You are cold-blooded and may be slowed by cold attacks.


Message History

You feel yourself moving faster!
You feel mighty! The mummy barely misses you. The mummy closely misses you.
A mummy comes into view.
You slash the mummy!
You destroy the mummy!
Trog accepts your kill.
You hit the mummy. You hit the mummy.
The mummy is almost destroyed.
The mummy closely misses you.
You closely miss the mummy. You tail-slap the mummy.
You destroy the mummy!
Trog accepts your kill.
You have reached level 6!
Your experience leads to an increase in your attributes!
Increase (S)trength, (I)ntelligence, or (D)exterity?
You feel stronger.
Your scales feel tougher.
You slash the mummy!
The mummy is severely damaged.
You slash the mummy!
You destroy the mummy!
Trog accepts your kill.
You feel a strong urge to attack something.
You slash the mummy!
The mummy is almost destroyed.
The mummy hits you!
* * * LOW HITPOINT WARNING * * *
You slash the mummy!
You destroy the mummy!
Trog accepts your kill. The mummy closely misses you.
You hit the mummy. You tail-slap the mummy.
The mummy is moderately damaged.
You are no longer berserk.
You are exhausted.
You feel yourself slow down.
You slash the mummy! You tail-slap the mummy.
The mummy is severely damaged.
The mummy hits you!
You die...

'.. #.#
+.# #.'
'.# ###.#
#.'M+
###@#####
#.'.#..∩#
###.'.∩.#
#.'.#...#
###.#####
+...
#+#+#


You could see a mummy.

Vanquished Creatures
  A necrophage (D:4)
  A hound (D:4)
  5 mummies (Ossuary)
  A gnoll (D:1)
  3 adders
  2 worms
  A dart slug (D:1)
  4 orcs (D:3)
  4 endoplasms
  3 giant cockroaches
  2 goblins (D:3)
  5 hobgoblins
  14 jackals
  2 quokkas
  5 ball pythons
  6 bats
  3 frilled lizards
  3 kobolds
  7 rats
72 creatures vanquished.

Vanquished Creatures (others)
  2 withered plants (Ossuary)
2 creatures vanquished.

Grand Total: 74 creatures vanquished

Notes
Turn   | Place    | Note
-------+----------+-------------------------------------------
     0 | D:1      | leviel the Draconian Berserker began the quest for the Orb.
     0 | D:1      | Reached XP level 1. HP: 19/19 MP: 1/1
   153 | D:1      | Reached XP level 2. HP: 25/26 MP: 2/2
   615 | D:1      | Reached XP level 3. HP: 24/33 MP: 3/3
   989 | D:1      | Reached ** piety under Trog
  1123 | D:2      | Found a faded altar of an unknown god.
  1129 | D:2      | Reached skill level 4 in Axes
  1314 | D:2      | Found an ornate altar of the Wu Jian Council.
  1637 | D:3      | Reached XP level 4. HP: 39/40 MP: 4/4
  2061 | D:3      | Reached skill level 5 in Axes
  2797 | D:4      | Reached XP level 5. HP: 37/46 MP: 5/5
  2878 | D:4      | Noticed a necrophage
  2885 | D:4      | Killed a necrophage
  2886 | D:4      | Reached skill level 6 in Axes
  2922 | D:4      | Found a sand-covered staircase.
  2929 | Ossuary  | Entered an ossuary
  2950 | Ossuary  | Reached XP level 6. HP: 21/52 MP: 6/6
  2955 | Ossuary  | Reached *** piety under Trog
  2958 | Ossuary  | Mangled by a mummy

Illustrated notes

Levels and vault maps discovered:
D:1:      minmay_arrival_doors, layout_loops_ring, minmay_cut_off
D:2:      layout_rooms, ebering_ecumenical_altar_mist, basic_altar
D:3:      layout_loops_corners, minmay_pentomino_pile
D:4:      kennysheep_spiral_hall, layout_rooms, nicolae_ossuary_entry_ruins
Ossuary:  ossuary_zaba_flooded

Skill      XL: |  1  2  3  4  5 |
---------------+----------------+-----
Dodging        | 3 |  3.0
Axes           | 4 5 6 |  6.6
Fighting       | |  3.6

Action                   |  1- 3 |  4- 6 || total
-------------------------+-------+-------++-------
Melee: Hand axe          |   120 |    95 ||   215
       Tailslap          |    14 |    19 ||    33
Invok: Berserk           |     1 |     2 ||     3
       Trog's Hand       |       |     1 ||     1
  Use: Scroll            |       |     8 ||     8
 Stab: Sleeping          |     1 |       ||     1
Armor: Skin              |    36 |    19 ||    55
Dodge: Dodged            |    79 |    67 ||   146

Table legend: (Time is in decaauts)
 A = Elapsed time spent in this place.
 B = Non-inter-level travel time spent in this place.
 C = Inter-level travel time spent in this place.
 D = Time resting spent in this place.
 E = Time spent auto-exploring this place.
 F = Levels seen in this place.
 G = Mean time per level.
                   A        B        C        D        E       F      G
               +--------+--------+--------+--------+--------+-----+--------+
         Total |   2984 |   2901 |     83 |     53 |   2420 |   5 |  596.8 |
       Dungeon |   2959 |   2876 |     83 |     53 |   2417 |   4 |  739.8 |
       Ossuary |     24 |     24 |      0 |      0 |      3 |   1 |   24.0 |
               +--------+--------+--------+--------+--------+-----+--------+

Top non-repeatable levels by time:
     D:3: 1184 daAuts
     D:1: 1143 daAuts
     D:2: 485 daAuts
     D:4: 146 daAuts
 Ossuary: 24 daAuts
